 Dungeon Crawl Stone Soup version 0.19-a0-1899-g2d93087 (webtiles) character file.

919 dobroeutro the Quickloader (level 8, 0/52 HPs)
             Began as a Kobold Hunter on Oct 19, 2016.
             Slain by an ogre
             ... wielding a +0 giant spiked club
              (31 damage)
             ... on level 5 of the Dungeon.
             The game lasted 00:07:28 (4457 turns).

dobroeutro the Quickloader (Kobold Hunter)          Turns: 4457, Time: 00:07:29

Health: 0/52       AC:  4    Str: 17    XL:     8   Next: 31%
Magic:  8/8        EV: 12    Int: 17    God:
Gold:   205        SH:  8    Dex: 16    Spells: 0 memorised, 7 levels left

rFire  + . .     SeeInvis .     a - +1 hand crossbow
rCold  . . .     Gourm    .     i - +1 leather armour {rF+}
rNeg   . . .     Faith    .     o - +0 shield
rPois  .         Spirit   .     (no helmet)
rElec  .         Reflect  .     (no cloak)
rCorr  .         Harm     .     (no gloves)
MR     .....                    (no boots)
Stlth  ++........               (no amulet)
                                w - +6 ring of strength
                                c - +5 ring of intelligence

@: no status effects
A: carnivore 3
a: no special abilities


You were on level 5 of the Dungeon.
You were completely stuffed.

You visited 1 branch of the dungeon, and saw 5 of its levels.
You also visited: Ossuary.

You collected 205 gold pieces.

Inventory:

Hand Weapons
 a - a +1 hand crossbow (weapon)
 b - a +0 short sword
Missiles
 d - 51 bolts (quivered)
Armour
 i - a +1 leather armour of fire resistance (worn)
 o - a +0 shield (worn)
Jewellery
 c - a +5 ring of intelligence (left hand)
 u - an uncursed ring of flight
 w - a +6 ring of strength (right hand)
Wands
 x - a wand of iceblast (8/15)
 y - a wand of confusion (33/48)
 E - a wand of teleportation (5/9)
Scrolls
 e - 4 scrolls of identify {unknown}
 h - 4 scrolls of immolation {unknown}
 j - 2 scrolls of fog {unknown}
 k - 5 scrolls of teleportation {unknown}
 m - 5 scrolls of remove curse {unknown}
 n - 2 scrolls of blinking {unknown}
 r - 3 scrolls of random uselessness {unknown}
 t - 4 scrolls of amnesia {unknown}
 v - 4 scrolls of fear {unknown}
 B - a scroll of magic mapping {unknown}
 G - a scroll of enchant weapon {unknown}
 I - a scroll of acquirement {unknown}
Potions
 g - 5 potions of curing
 l - 2 potions of heal wounds
 p - 2 potions of brilliance
 q - a potion of ambrosia {unknown}
 s - 2 potions of agility {unknown}
 z - a potion of haste {unknown}
 A - 2 potions of magic {unknown}
 C - a potion of lignification {unknown}
 D - 4 potions of flight {unknown}
 H - 2 potions of cure mutation {unknown}
Comestibles
 f - 4 meat rations
 F - a beef jerky


   Skills:
 + Level 6.9 Fighting
 - Level 3.0 Short Blades
 + Level 8.8 Crossbows
 - Level 2.4 Dodging
 - Level 1.3 Stealth


You had 7 spell levels left.
You didn't know any spells.

Dungeon Overview and Level Annotations

Branches:
Dungeon (5/15)
 Temple: D:4-7

Altars:
Trog
Zin

Shops:
D:5 :?


Innate Abilities, Weirdness & Mutations

You are small and have problems with some larger weapons.
You are carnivorous and can eat meat at any time.


Message History

Aim: an ogre, wielding a giant spiked club (heavily wounded)
You shoot a bolt. The bolt hits the ogre.
The ogre is severely wounded.
Firing (i - inventory):
d - 54 bolts (quivered)
Press: ? - help, Shift-Dir - straight line, f/p - ogre
Aim: an ogre, wielding a giant spiked club (severely wounded)
You shoot a bolt. The bolt barely misses the ogre.
The ogre barely misses you.
Firing (i - inventory):
d - 53 bolts (quivered)
Press: ? - help, Shift-Dir - straight line, f/p - ogre
Aim: an ogre, wielding a giant spiked club (severely wounded)
You shoot a bolt. The bolt barely misses the ogre.
The ogre hits you with a giant spiked club!!
You hear a shout!
Firing (i - inventory):
d - 52 bolts (quivered)
Press: ? - help, Shift-Dir - straight line, f/p - ogre
Aim: an ogre, wielding a giant spiked club (severely wounded)
You shoot a bolt. The bolt barely misses the ogre.
The ogre hits you with a giant spiked club!!
Ouch! That really hurt!
You die...

#. #.# #(# #.# ... #.#
#.# #.# #(########.# #
#(##.......#####
..##.##(##.####......##
[......O...# #.####....
....##@#### #.####.###
# #..# #.##...# ##.#
#.##.#.# .. #.##.#.#
..# #.[....# ..#
####.### ..# #>##
..##### #..##
....###.#.# #


You could see an ogre.

Vanquished Creatures
  The ghost of Miyamura the Slasher, a novice HuWr of Gozag (D:5)
  A wraith (Ossuary)
  A jelly (D:5)
  A howler monkey (D:4)
  2 crimson imps
  2 orc wizards
  2 worker ants
  A killer bee zombie (D:5)
  A hound skeleton (D:4)
  4 mummies
  2 adders (D:3)
  An ooze (D:1)
  4 worms
  2 dart slugs (D:1)
  7 leopard geckos
  13 orcs
  6 giant cockroaches
  3 goblins (D:2)
  7 hobgoblins
  10 jackals
  A quokka (D:3)
  3 ball pythons
  4 bats
  6 frilled lizards
  6 goblin zombies (Ossuary)
  3 hobgoblin zombies (Ossuary)
  4 kobolds
  3 kobold zombies (Ossuary)
  13 rats
114 creatures vanquished.

Notes
Turn   | Place    | Note
-------+----------+-------------------------------------------
     0 | D:1      | dobroeutro the Kobold Hunter began the quest for the Orb.
     0 | D:1      | Reached XP level 1. HP: 12/12 MP: 1/1
    70 | D:1      | Reached skill level 1 in Short Blades
    80 | D:1      | Reached skill level 5 in Crossbows
    80 | D:1      | Reached XP level 2. HP: 12/18 MP: 2/2
   372 | D:1      | Reached XP level 3. HP: 14/22 MP: 3/3
   825 | D:2      | Found a glowing silver altar of Zin.
  1206 | D:2      | Reached XP level 4. HP: 27/27 MP: 4/4
  1735 | D:3      | Reached XP level 5. HP: 32/32 MP: 5/5
  1994 | D:3      | Reached skill level 6 in Crossbows
  2432 | D:4      | Found a sand-covered staircase.
  2453 | D:4      | Reached XP level 6. HP: 16/38 MP: 6/6
  2574 | Ossuary  | Entered an ossuary
  2574 | Ossuary  | Noticed a wraith
  2574 | Ossuary  | Noticed a wraith
  2574 | Ossuary  | Noticed a wraith
  3101 | Ossuary  | Noticed a wraith
  3121 | Ossuary  | Killed a wraith
  3121 | Ossuary  | Reached skill level 5 in Fighting
  3121 | Ossuary  | Reached skill level 7 in Crossbows
  3121 | Ossuary  | Reached XP level 7. HP: 29/44 MP: 7/7
  3289 | D:4      | Found a bloodstained altar of Trog.
  3987 | D:5      | Entered Level 5 of the Dungeon
  3998 | D:5      | Noticed Miyamura's ghost (novice HuWr)
  4016 | D:5      | Killed Miyamura's ghost
  4016 | D:5      | Reached skill level 8 in Crossbows
  4016 | D:5      | Reached XP level 8. HP: 38/52 MP: 8/8
  4041 | D:5      | Found Nilaex's Magic Scroll Emporium.
  4107 | D:5      | Found Line Fum's Book Shoppe.
  4457 | D:5      | Slain by an ogre

Vault maps used:
D:1:      lightli_molten_gateway
D:2:      old_standard_altar, minmay_rat_gold_closets
D:3:      first_bread
D:4:      gup_ossuary_entry_pyramid, trog_butcher_becter
D:5:      serial_shops, kennysheep_mini, shop
Ossuary:  ossuary_kennysheep_city_of_the_dead

Skill      XL: |  1  2  3  4  5  6  7 |
---------------+----------------------+-----
Short Blades   | 1 2 3 |  3.0
Crossbows      | 5 6 7 8 |  8.8
Fighting       | 3 4 5 6 |  6.9
Dodging        | |  2.4
Stealth        | |  1.3

Action                   |  1- 3 |  4- 6 |  7- 9 || total
-------------------------+-------+-------+-------++-------
Melee: Short sword       |   143 |   244 |   150 ||   537
 Fire: Hand crossbow     |       |    31 |    27 ||    58
  Use: Potion            |       |     3 |     1 ||     4
 Stab: Sleeping          |     6 |     3 |       ||     9
       Distracted        |       |       |     1 ||     1
  Eat: Chunk             |     6 |     5 |    10 ||    21
Armor: Leather armour    |    26 |    51 |    40 ||   117
Dodge: Dodged            |    91 |   121 |    83 ||   295
Block: Shield            |    25 |    84 |    56 ||   165
